 Dungeon Crawl Stone Soup version 0.28-a0-863-g8cecda6153 (webtiles) character file.

Game seed: 13361144500803163422

120 MirrMurr the Chucker (level 4, -10/34 HPs)
             Began as a Demonspawn Hunter on Nov 18, 2021.
             Mangled by an ogre (11 damage)
             ... on level 4 of the Dungeon.
             The game lasted 00:05:57 (2854 turns).

MirrMurr the Chucker (Demonspawn Hunter)            Turns: 2854, Time: 00:05:58

Health: -10/34     AC:  8    Str: 13    XL:     4   Next: 75%
Magic:  4/4        EV:  9    Int: 13    God:
Gold:   151        SH:  0    Dex: 13    Spells: 3/3 levels left

rFire   . . .      SeeInvis .   a - +1 short sword (venom)
rCold   . . .      Faith    .   (no shield)
rNeg    . . .      Spirit   .   p - +0 scale mail
rPois   .          Reflect  .   (no helmet)
rElec   .          Harm     .   (no cloak)
rCorr   .          Rampage  .   (no gloves)
Will    .....                   (no boots)
Stlth   ..........              (no amulet)
HPRegen 0.11/turn               (no ring)
MPRegen 0.09/turn               (no ring)

@: no status effects
A: molten scales 1, spiny 1
a: no special abilities


You were on level 4 of the Dungeon.
You visited 1 branch of the dungeon, and saw 4 of its levels.

You collected 151 gold pieces.

Inventory:

Hand Weapons
 a - a +1 short sword of venom (weapon)
 b - a +0 hunting sling
 w - a +0 trident
Missiles
 c - 4 javelins
 h - 38 stones (quivered)
Armour
 p - a +0 scale mail (worn)
Jewellery
 j - a +6 ring of dexterity
Scrolls
 f - 2 scrolls of amnesia {unknown}
 g - 2 scrolls of brand weapon {unknown}
 i - a scroll of enchant weapon {unknown}
 l - a scroll of identify {unknown}
 m - 2 scrolls of teleportation {unknown}
 o - a scroll of blinking {unknown}
Potions
 e - a potion of curing {unknown}
 n - a potion of heal wounds {unknown}


   Skills:
 + Level 2.8 Fighting
 * Level 4.5 Throwing
 + Level 1.5 Armour
 + Level 2.6 Dodging
 - Level 0.8 Stealth


You had 3 spell levels left.
You didn't know any spells.
Your spell library was empty.

Dungeon Overview and Level Annotations

Branches:
Dungeon (4/15)
 Temple: D:4-7

Altars:
Kikubaaqudgha
Uskayaw

Annotations:
D:3 book


Innate Abilities, Weirdness & Mutations

You are partially covered in molten scales. (AC +2)
You are partially covered in sharp spines.


Message History

You see here a +0 leather armour.
An ogre comes into view. It is wielding a +0 giant club.
The ogre shouts!
Your +1 short sword of venom begins to drip with poison!
a - a +1 short sword of venom (weapon)
You see here a +0 leather armour.
You see here a hound corpse.
You hit the ogre.
The ogre is moderately wounded.
The ogre hits you with a +0 giant club!!
Ouch! That really hurt!
* * * LOW HITPOINT WARNING * * *
There is a stone staircase leading up here.
Throw: 2 throwing nets
Press: ? - help, Shift-Dir - straight line, f - ogre
Aim: an ogre, wielding a +0 giant club (lightly wounded, 75% to hit)
You throw a throwing net.
The throwing net barely misses the ogre.
Throw: throwing net
Press: ? - help, Shift-Dir - straight line, f/p - ogre
Aim: an ogre, wielding a +0 giant club (lightly wounded, 75% to hit)
You throw a throwing net.
The throwing net barely misses the ogre.
The ogre closely misses you.
You drop a stone.
The ogre hits you with a +0 giant club.
* * * LOW HITPOINT WARNING * * *
Throw: 6 javelins
Press: ? - help, Shift-Dir - straight line, f/p - ogre
Aim: an ogre, wielding a +0 giant club (lightly wounded, 75% to hit)
You throw a javelin. The javelin closely misses the ogre.
The ogre is struck by your spines. The ogre hits you with a +0 giant club!
* * * LOW HITPOINT WARNING * * *
Unknown command.
Throw: 5 javelins
Press: ? - help, Shift-Dir - straight line, f/p - ogre
Aim: an ogre, wielding a +0 giant club (moderately wounded, 75% to hit)
You throw a javelin. The javelin pierces through the ogre!
The ogre is heavily wounded.
The ogre is struck by your spines. The ogre hits you with a +0 giant club!
You die...

..... ... ... ...
#.# #.# #.# #@#
#O#
#.################
#(..<†......[.....
##################
# # # .


You could see an ogre.

Vanquished Creatures
  A hound (D:4)
  An iguana (D:3)
  An adder (D:2)
  A worm (D:2)
  An orc (D:2)
  4 ball pythons
  7 endoplasms
  A giant cockroach (D:1)
  5 goblins
  2 hobgoblins (D:1)
  3 jackals (D:1)
  A quokka (D:1)
  5 bats
  3 frilled lizards
  7 kobolds
  6 rats
49 creatures vanquished.

Vanquished Creatures (others)
  5 fungi (D:1)
  7 plants (D:1)
12 creatures vanquished.

Grand Total: 61 creatures vanquished

Notes
Turn   | Place    | Note
-------+----------+-------------------------------------------
     0 | D:1      | MirrMurr the Demonspawn Hunter began the quest for the Orb.
     0 | D:1      | Reached XP level 1. HP: 16/16 MP: 1/1
   221 | D:1      | Gained mutation: You are partially covered in sharp spines.
                  | [demonic ancestry]
   221 | D:1      | Reached XP level 2. HP: 10/22 MP: 2/2
   461 | D:1      | Found a faded altar of an unknown god.
   930 | D:1      | Reached skill level 4 in Throwing
  1098 | D:1      | Reached XP level 3. HP: 28/28 MP: 3/3
  1206 | D:2      | Reached skill level 1 in Armour
  1967 | D:3      | Found an ancient bone altar of Kikubaaqudgha.
  1968 | D:3      | Found a hide-covered altar of Uskayaw.
  2435 | D:3      | Gained mutation: You are partially covered in molten
                  | scales. (AC +2) [demonic ancestry]
  2435 | D:3      | Reached XP level 4. HP: 18/34 MP: 4/4
  2823 | D:4      | Noticed an ogre
  2853 | D:4      | HP: 1/34 [ogre (7)]
  2854 | D:4      | Mangled by an ogre

Illustrated notes

Levels and vault maps discovered:
D:1:      sevenhm_arrival_forest_fort_small_4, layout_rooms,
          shapermc_ecumenical_altar_mp_ritualfount
D:2:      layout_rooms
D:3:      layout_basic, nicolae_overflow_hidden_temple,
          nicolae_concentric_dashed_squares_wild, item_on_display_a
D:4:      layout_basic, general_overflow_altar, fedhas_altar_fruit_tree

Skill      XL: |  1  2  3 |
---------------+----------+-----
Dodging        | 2 |  2.6
Throwing       | 4 |  4.5
Armour         | 1 |  1.5
Fighting       | |  2.8
Stealth        | |  0.8

Action                   |  1- 3 |  4- 6 || total
-------------------------+-------+-------++-------
Melee: Spear             |    59 |       ||    59
       Short sword       |    47 |     3 ||    50
 Fire: Hunting sling     |     5 |     3 ||     8
Throw: Javelin           |       |     2 ||     2
       Throwing net      |       |     2 ||     2
Armor: Leather armour    |    11 |       ||    11
       Ring mail         |     2 |       ||     2
       Scale mail        |       |     1 ||     1
Dodge: Dodged            |    52 |     3 ||    55

Table legend: (Time is in decaauts)
 A = Elapsed time spent in this place.
 B = Non-inter-level travel time spent in this place.
 C = Inter-level travel time spent in this place.
 D = Time resting spent in this place.
 E = Time spent auto-exploring this place.
 F = Levels seen in this place.
 G = Mean time per level.
                   A        B        C        D        E       F      G
               +--------+--------+--------+--------+--------+-----+--------+
         Total |   2867 |   2736 |    131 |    128 |   2159 |   4 |  716.8 |
       Dungeon |   2867 |   2736 |    131 |    128 |   2159 |   4 |  716.8 |
               +--------+--------+--------+--------+--------+-----+--------+

Top non-repeatable levels by time:
     D:1: 1157 daAuts
     D:3: 890 daAuts
     D:2: 727 daAuts
     D:4: 91 daAuts
